Penguins vs Blues
Created - November 17, 2023 at 21:28
Goals
|
| Penguins |
2 |
2 |
0 |
0 |
0 |
4 |
| Blues |
1 |
1 |
2 |
0 |
1 |
5 |
|
Shots
|
| Penguins |
8 |
16 |
13 |
0 |
3 |
37 |
| Blues |
15 |
5 |
13 |
3 |
3 |
36 |
|
1st period
1. Penguins , Dmitrij Jaskin 2 (Sebastian Aho 8) at 3:19
2. Penguins , Max Reinhart 3 (Tom Wilson 2, Keith Aulie 4) at 9:37
3. Blues , Filip Forsberg 7 (Nathan MacKinnon 11) at 19:57 (PP)
Penalties :
Marcus Foligno (Pit) for Tripping (Minor) at 6:45, Brandon Montour (Stl) for Hooking (Minor) at 11:46, Marcus Johansson (Pit) for Holding Stick (Minor) at 19:51
2nd period
4. Penguins , Sebastian Aho 6 (Mark Scheifele 15) at 3:01 (PP)
5. Penguins , Derek Stepan 7 (Marcus Foligno 5) at 10:47
6. Blues , David Perron 4 (Martin Marincin 1, Devin Shore 6) at 13:07
Penalties :
Will Butcher (Stl) for Holding (Minor) at 2:55
3rd period
7. Blues , David Perron 5 (Nick Schmaltz 2, Devin Shore 7) at 1:13
8. Blues , Nick Schmaltz 4 (Travis Sanheim 3, Devin Shore 8) at 14:45
Penalties :
Sebastian Aho (Pit) for High sticking (Minor) at 6:08, Seth Jones (Stl) for Roughing (Minor) at 10:03, Keith Aulie (Pit) for Hooking (Minor) at 18:44
Overtime #1
No Goal
Penalties :
No Penalty
Shootout
Penguins, Jake Guentzel - Stopped by Maxime Daigneault
Blues, David Perron - Stopped by Braden Holtby
Penguins, Pavel Buchnevich - Shot Misses the Net
Blues, Marko Dano - Stopped by Braden Holtby
Penguins, Marcus Foligno - Stopped by Maxime Daigneault
Blues, Filip Forsberg - Goal!
Penalties :
No Penalty
Goalie Stats
Braden Holtby (Pit), 32 saves from 36 shots - (0.889), OTL, 1-0-1, 65:00 minutes
Carey Price (Stl), 12 saves from 16 shots - (0.750), 30:47 minutes
Maxime Daigneault (Stl), 21 saves from 21 shots - (1.000), W, 3-2-0, 34:13 minutes
Players Stats for Penguins
Player Name G A P +/- PIM S H SB GA TA FO MP PP MP PK MP
------------------------------------------------------------------------------------
Brandon Tanev 0 0 0 1 0 1 1 0 0 0 0/1 9:07 0:00 1:23
Danny DeKeiser 0 0 0 0 0 1 1 2 0 0 0/0 21:22 0:00 3:52
Derek Stepan 1 0 1 0 0 2 2 0 0 0 7/10 18:55 1:50 0:32
Dmitrij Jaskin 1 0 1 1 0 1 1 1 0 0 0/0 7:19 0:00 0:00
Evan Rodrigues 0 0 0 1 0 2 1 0 1 0 2/3 7:19 0:00 0:00
Jake Guentzel 0 0 0 0 0 4 3 1 1 0 2/3 22:50 2:14 1:18
Keith Aulie 0 1 1 1 2 1 2 1 0 0 0/0 26:09 1:24 1:46
Marcus Foligno 0 1 1 0 2 5 0 0 2 1 1/1 20:39 1:50 1:48
Marcus Johansson 0 0 0 -1 2 1 0 0 1 0 0/0 12:57 1:50 0:00
Mark Scheifele 0 1 1 0 0 4 2 2 0 1 0/1 23:03 2:14 1:23
Max Reinhart 1 0 1 -1 0 4 1 1 0 1 4/8 14:57 0:00 3:40
Neal Pionk 0 0 0 1 0 1 1 1 0 0 0/0 19:30 0:00 2:26
Nick Leddy 0 0 0 -1 0 2 0 1 1 0 0/0 15:41 2:40 0:25
Oscar Klefbom 0 0 0 0 0 1 2 1 2 0 0/0 29:05 2:40 3:37
Pavel Buchnevich 0 0 0 0 0 2 2 4 1 0 1/1 15:05 0:00 0:00
Sebastian Aho 1 1 2 0 2 4 0 1 1 0 19/31 19:39 2:14 0:00
Tom Wilson 0 1 1 -1 0 1 2 0 0 0 0/0 11:58 0:00 1:18
Tyson Barrie 0 0 0 -1 0 0 0 2 0 0 0/0 14:08 1:24 0:00
Players Stats for Blues
Player Name G A P +/- PIM S H SB GA TA FO MP PP MP PK MP
------------------------------------------------------------------------------------
Adam Henrique 0 0 0 -2 0 2 0 0 1 0 4/10 18:12 2:14 0:00
Brandon Montour 0 0 0 1 2 4 0 0 0 0 0/0 20:45 2:37 0:38
Cody Ceci 0 0 0 0 0 0 0 1 0 3 0/0 23:31 0:00 2:31
David Perron 2 0 2 3 0 7 1 0 0 0 0/0 12:53 0:00 0:27
Devin Shore 0 3 3 3 0 6 0 0 0 0 2/3 13:17 0:00 0:57
Drew Shore 0 0 0 -1 0 0 1 0 0 1 1/6 10:21 0:00 2:31
Filip Forsberg 1 0 1 0 0 3 1 0 0 1 0/1 23:16 3:05 0:36
Marko Dano 0 0 0 -2 0 4 1 1 0 2 0/1 19:01 2:14 0:57
Martin Marincin 0 1 1 -1 0 0 1 2 0 0 0/0 16:36 0:00 2:31
Max Friberg 0 0 0 -1 0 0 0 0 0 0 0/1 7:08 0:00 0:00
Nathan MacKinnon 0 1 1 0 0 2 1 0 1 0 15/34 22:24 3:05 0:00
Nick Schmaltz 1 1 2 3 0 1 1 1 0 0 0/1 11:19 0:00 0:00
Nikolaj Ehlers 0 0 0 0 0 0 2 2 0 0 0/0 20:10 2:14 0:00
Samuel Morin 0 0 0 -1 0 1 0 0 0 0 1/2 10:10 0:00 2:40
Seth Jones 0 0 0 -1 2 4 2 2 0 1 0/0 29:47 2:42 0:55
Travis Sanheim 0 1 1 0 0 0 1 1 1 2 0/0 13:05 1:56 0:00
Will Butcher 0 0 0 1 2 2 1 2 0 0 0/0 22:19 3:23 1:33
William Nylander 0 0 0 -2 0 0 2 1 0 0 0/0 17:23 3:05 0:00
3 Stars
1 - David Perron (Stl)
2 - Nick Schmaltz (Stl)
3 - Devin Shore (Stl)
Power Play
Penguins - 1 on 3 Attempt(s) - 33.33%
Blues - 1 on 4 Attempt(s) - 25.00%
Penalty Kill
Penguins - 3 on 4 Attempt(s) - 75.00%
- Score 0 goal in Penalty Kill
Blues - 2 on 3 Attempt(s) - 66.67%
- Score 0 goal in Penalty Kill
Team Stat
Penguins - Hits : 21 - Faceoff Wins : 36 - Blocked Shots : 18 - Penalty Minutes : 8
Blues - Hits : 15 - Faceoff Wins : 23 - Blocked Shots : 13 - Penalty Minutes : 6
Official
Referees : Brandon Blandina and Kendrick Nicholson
Linesman : Devin Berg and Andrew Smith
Game Notes
Maxime Daigneault enters game at 10:47 of 2nd period
9:34 of 3rd period - Penguins goal is going for a video replay. After video review, No Goal. The puck has been kicked using a distinct kicking motion.
Finance
Level 1 -- Attendance: 5377 (89.62%) -- Ticket Income $537,700
Level 2 -- Attendance: 5000 (100.00%) -- Ticket Income $300,000
Level 3 -- Attendance: 1783 (89.15%) -- Ticket Income $62,405
Level 4 -- Attendance: 4000 (100.00%) -- Ticket Income $100,000
Luxury Box -- Attendance: 1000 (100.00%) -- Ticket Income $200,000
Game was played at the Enterprise Center.
Total Attendance: 17160 (95.33%)
Total Ticket Income: $1,200,105
Other Income: $180,016
Total Income: $1,380,121
Penguins
5 vs 5 Forward
Center Left Wing Right Wing Time % Phy DF OF
1 Sebastian Aho Jake Guentzel Mark Scheifele 40 1 2 2
2 Derek Stepan Pavel Buchnevich Marcus Foligno 30 1 2 2
3 Max Reinhart Marcus Johansson Tom Wilson 20 1 2 2
4 Evan Rodrigues Brandon Tanev Dmitrij Jaskin 10 1 2 2
5 vs 5 Defense
Defense Defense Time % Phy DF OF
1 Oscar Klefbom Keith Aulie 40 1 2 2
2 Neal Pionk Danny DeKeiser 30 1 2 2
3 Nick Leddy Tyson Barrie 20 1 2 2
4 Oscar Klefbom Keith Aulie 10 1 2 2
PowerPlay Forward
Center Left Wing Right Wing Time % Phy DF OF
1 Sebastian Aho Jake Guentzel Mark Scheifele 60 1 2 2
2 Derek Stepan Marcus Johansson Marcus Foligno 40 1 2 2
PowerPlay Defense
Defense Defense Time % Phy DF OF
1 Oscar Klefbom Nick Leddy 60 1 2 2
2 Keith Aulie Tyson Barrie 40 1 2 2
Penalty Kill 4 Players Forward
Center Wing Time % Phy DF OF
1 Max Reinhart Marcus Foligno 60 1 2 2
2 Mark Scheifele Brandon Tanev 40 1 2 2
Penalty Kill 4 Players Defense
Defense Defense Time % Phy DF OF
1 Oscar Klefbom Danny DeKeiser 60 1 2 2
2 Keith Aulie Neal Pionk 40 1 2 2
Penalty Kill - 3 Players Forward
Forward Time % Phy DF OF
1 Max Reinhart 60 1 2 2
2 Marcus Foligno 40 1 2 2
Penalty Kill - 3 Players Defense
Defense Defense Time % Phy DF OF
1 Danny DeKeiser Oscar Klefbom 60 1 2 2
2 Keith Aulie Neal Pionk 40 1 2 2
4 vs 4 Forward
Center Wing Time % Phy DF OF
1 Sebastian Aho Jake Guentzel 60 1 2 2
2 Derek Stepan Mark Scheifele 40 1 2 2
4 vs 4 Defense
Defense Defense Time % Phy DF OF
1 Oscar Klefbom Danny DeKeiser 60 1 2 2
2 Keith Aulie Nick Leddy 40 1 2 2
Last Minutes Offensive
Center Left Wing Right Wing Defense Defense
Sebastian Aho Jake Guentzel Mark Scheifele Oscar Klefbom Danny DeKeiser
Last Minutes Defensive
Center Left Wing Right Wing Defense Defense
Max Reinhart Brandon Tanev Marcus Foligno Oscar Klefbom Danny DeKeiser
Goaltenders
Starting : Braden Holtby
Backup : Andrei Vasilevskiy
Extra Forwards
Normal : Jake Guentzel, Derek Stepan, Marcus Johansson - PP : Mark Scheifele, Pavel Buchnevich - PK : Tom Wilson
Extra Defensemen
Normal : Oscar Klefbom, Keith Aulie, Neal Pionk - PP : Nick Leddy - PK : Danny DeKeiser, Keith Aulie
Penalty Shots
Jake Guentzel, Pavel Buchnevich, Marcus Foligno, Mark Scheifele, Marcus Johansson
Custom OT Lines Forwards
Mark Scheifele, Jake Guentzel, Derek Stepan, Marcus Foligno, Marcus Johansson, Max Reinhart, Tom Wilson, Pavel Buchnevich, Sebastian Aho, Dmitrij Jaskin
Custom OT Lines Defensemen
Danny DeKeiser, Oscar Klefbom, Keith Aulie, Nick Leddy, Neal Pionk
Scratches
None
Blues
5 vs 5 Forward
Center Left Wing Right Wing Time % Phy DF OF
1 Nathan MacKinnon Filip Forsberg Nikolaj Ehlers 40 0 2 3
2 Adam Henrique Marko Dano William Nylander 30 0 2 3
3 Devin Shore David Perron Nick Schmaltz 20 1 2 2
4 Drew Shore Samuel Morin Max Friberg 10 0 3 2
5 vs 5 Defense
Defense Defense Time % Phy DF OF
1 Seth Jones Cody Ceci 40 1 2 2
2 Will Butcher Brandon Montour 30 1 2 2
3 Martin Marincin Travis Sanheim 20 1 2 2
4 Martin Marincin Seth Jones 10 1 2 2
PowerPlay Forward
Center Left Wing Right Wing Time % Phy DF OF
1 Nathan MacKinnon Filip Forsberg William Nylander 60 0 2 3
2 Adam Henrique Marko Dano Nikolaj Ehlers 40 0 2 3
PowerPlay Defense
Defense Defense Time % Phy DF OF
1 Will Butcher Seth Jones 60 0 2 3
2 Brandon Montour Travis Sanheim 40 0 2 3
Penalty Kill 4 Players Forward
Center Wing Time % Phy DF OF
1 Drew Shore Samuel Morin 60 1 3 1
2 Devin Shore Marko Dano 40 1 3 1
Penalty Kill 4 Players Defense
Defense Defense Time % Phy DF OF
1 Cody Ceci Martin Marincin 60 1 2 2
2 Seth Jones Brandon Montour 40 1 2 2
Penalty Kill - 3 Players Forward
Forward Time % Phy DF OF
1 Drew Shore 60 1 2 2
2 Devin Shore 40 1 2 2
Penalty Kill - 3 Players Defense
Defense Defense Time % Phy DF OF
1 Martin Marincin Cody Ceci 60 1 2 2
2 Seth Jones Brandon Montour 40 1 2 2
4 vs 4 Forward
Center Wing Time % Phy DF OF
1 Adam Henrique Filip Forsberg 60 1 2 2
2 Nathan MacKinnon David Perron 40 1 2 2
4 vs 4 Defense
Defense Defense Time % Phy DF OF
1 Will Butcher Brandon Montour 60 1 2 2
2 Cody Ceci Seth Jones 40 1 2 2
Last Minutes Offensive
Center Left Wing Right Wing Defense Defense
Nathan MacKinnon Filip Forsberg Nikolaj Ehlers Will Butcher Seth Jones
Last Minutes Defensive
Center Left Wing Right Wing Defense Defense
Drew Shore Samuel Morin Nick Schmaltz Martin Marincin Cody Ceci
Goaltenders
Starting : Carey Price
Backup : Maxime Daigneault
Extra Forwards
Normal : Nikolaj Ehlers, Samuel Morin, Drew Shore - PP : Marko Dano, William Nylander - PK : Filip Forsberg
Extra Defensemen
Normal : Cody Ceci, Travis Sanheim, Will Butcher - PP : Cody Ceci - PK : Will Butcher, Travis Sanheim
Penalty Shots
David Perron, Marko Dano, Filip Forsberg, Devin Shore, William Nylander
Custom OT Lines Forwards
Filip Forsberg, Nathan MacKinnon, Adam Henrique, Marko Dano, David Perron, Devin Shore, Drew Shore, Nikolaj Ehlers, William Nylander, Nick Schmaltz
Custom OT Lines Defensemen
Seth Jones, Will Butcher, Brandon Montour, Travis Sanheim, Cody Ceci
Scratches
None
% Time on Ice - Penguins
Lines # - Real PCT - Wanted PCT - Time Play
Normal Forward
1 - 34% - 40% - 17:24
2 - 31% - 30% - 15:33
3 - 20% - 20% - 10:21
4 - 14% - 10% - 7:19
Normal Defense
1 - 36% - 40% - 18:26
2 - 34% - 30% - 17:25
3 - 24% - 20% - 12:17
4 - 5% - 10% - 2:29
PP Forward
1 - 55% - 60% - 2:14
2 - 45% - 40% - 1:50
PP Defense
1 - 66% - 60% - 2:40
2 - 34% - 40% - 1:24
PK Forward
1 - 74% - 60% - 3:56
2 - 26% - 40% - 1:23
PK Defense
1 - 59% - 60% - 3:08
2 - 41% - 40% - 2:11
PK3 Forward
1 - 93% - 60% - 0:41
2 - 7% - 40% - 0:03
PK3 Defense
1 - 66% - 60% - 0:29
2 - 34% - 40% - 0:15
44 Forward
1 - 0% - 60%
2 - 0% - 40%
44 Defense
1 - 0% - 60%
2 - 0% - 40%
Last Minute Offensive - 0:00
Last Minute Defensive - 0:00
Total
Forward - 60:44
Defense - 60:44
|
% Time on Ice - Blues
Lines # - Real PCT - Wanted PCT - Time Play
Normal Forward
1 - 35% - 40% - 17:54
2 - 28% - 30% - 14:16
3 - 22% - 20% - 11:19
4 - 14% - 10% - 7:08
Normal Defense
1 - 41% - 40% - 20:54
2 - 31% - 30% - 15:46
3 - 21% - 20% - 10:28
4 - 7% - 10% - 3:29
PP Forward
1 - 58% - 60% - 3:05
2 - 42% - 40% - 2:14
PP Defense
1 - 64% - 60% - 3:23
2 - 36% - 40% - 1:56
PK Forward
1 - 77% - 60% - 3:07
2 - 23% - 40% - 0:57
PK Defense
1 - 62% - 60% - 2:31
2 - 38% - 40% - 1:33
PK3 Forward
1 - 0% - 60%
2 - 0% - 40%
PK3 Defense
1 - 0% - 60%
2 - 0% - 40%
44 Forward
1 - 86% - 60% - 0:38
2 - 14% - 40% - 0:06
44 Defense
1 - 86% - 60% - 0:38
2 - 14% - 40% - 0:06
Last Minute Offensive - 0:00
Last Minute Defensive - 0:00
Total
Forward - 60:44
Defense - 60:44
|
Play-by-Play
1st period
0:01 of 1st period - Sebastian Aho wins face-off versus Nathan MacKinnon in neutral zone.
0:38 of 1st period - Wrist shot by Adam Henrique.
0:38 of 1st period - Shot Misses the Net.
0:40 of 1st period - Snap shot by Adam Henrique.
0:40 of 1st period - Stopped by Braden Holtby with a rebound.
1:12 of 1st period - Icing by Keith Aulie.
1:13 of 1st period - Evan Rodrigues wins face-off versus Max Friberg in Penguins zone.
1:38 of 1st period - Mark Scheifele is hit by Nathan MacKinnon and loses puck.
2:15 of 1st period - Snap shot by David Perron.
2:15 of 1st period - Deflect By Devin Shore.
2:15 of 1st period - Stopped by Braden Holtby with a rebound.
2:17 of 1st period - Wrist shot by Will Butcher.
2:17 of 1st period - Shot Blocked by Pavel Buchnevich.
2:21 of 1st period - Wrist shot by David Perron.
2:21 of 1st period - Stopped by Braden Holtby with a rebound.
2:23 of 1st period - Wrist shot by Devin Shore.
2:23 of 1st period - Stopped by Braden Holtby with a rebound.
2:25 of 1st period - Wrist shot by Devin Shore.
2:25 of 1st period - Shot Misses the Net.
2:27 of 1st period - Slapshot by Will Butcher.
2:27 of 1st period - Shot Misses the Net.
3:19 of 1st period - Backhand shot by Dmitrij Jaskin.
3:19 of 1st period - Goal by Dmitrij Jaskin - Penguins : 1 - Blues : 0.
3:20 of 1st period - Nathan MacKinnon wins face-off versus Sebastian Aho in neutral zone.
3:29 of 1st period - Wrist shot by Filip Forsberg.
3:29 of 1st period - Stopped by Braden Holtby without a rebound.
3:30 of 1st period - Sebastian Aho wins face-off versus Nathan MacKinnon in Penguins zone.
3:43 of 1st period - Jake Guentzel is hit by Nikolaj Ehlers and loses puck.
3:52 of 1st period - Snap shot by Filip Forsberg.
3:52 of 1st period - Stopped by Braden Holtby without a rebound.
3:53 of 1st period - Derek Stepan wins face-off versus Adam Henrique in Penguins zone.
4:20 of 1st period - William Nylander is hit by Jake Guentzel and loses puck.
4:43 of 1st period - Snap shot by Max Reinhart.
4:43 of 1st period - Shot Misses the Net.
5:53 of 1st period - Slapshot by Sebastian Aho.
5:53 of 1st period - Stopped by Carey Price without a rebound.
5:54 of 1st period - Nathan MacKinnon wins face-off versus Sebastian Aho in Blues zone.
6:00 of 1st period - Off-side.
6:01 of 1st period - Sebastian Aho wins face-off versus Nathan MacKinnon in neutral zone.
6:31 of 1st period - Wrist shot by Marko Dano.
6:31 of 1st period - Shot Blocked by Nick Leddy.
6:33 of 1st period - Slapshot by Seth Jones.
6:33 of 1st period - Stopped by Braden Holtby with a rebound.
6:35 of 1st period - Slapshot by Seth Jones.
6:35 of 1st period - Stopped by Braden Holtby with a rebound.
6:37 of 1st period - Snap shot by Marko Dano.
6:37 of 1st period - Stopped by Braden Holtby with a rebound.
6:39 of 1st period - Slapshot by Seth Jones.
6:39 of 1st period - Shot Blocked by Tyson Barrie.
6:45 of 1st period - Minor Penalty to Marcus Foligno for Tripping.
6:46 of 1st period - Max Reinhart wins face-off versus Nathan MacKinnon in Penguins zone.
8:18 of 1st period - Nikolaj Ehlers is hit by Danny DeKeiser and loses puck.
8:45 of 1st period - Penalty to Marcus Foligno is over, Marcus Foligno is back on ice.
9:35 of 1st period - Wrist shot by Tom Wilson.
9:35 of 1st period - Stopped by Carey Price with a rebound.
9:37 of 1st period - Wrist shot by Max Reinhart.
9:37 of 1st period - Goal by Max Reinhart - Penguins : 2 - Blues : 0.
9:38 of 1st period - Nathan MacKinnon wins face-off versus Sebastian Aho in neutral zone.
10:47 of 1st period - Wrist shot by Mark Scheifele.
10:47 of 1st period - Shot Misses the Net.
10:49 of 1st period - Wrist shot by Jake Guentzel.
10:49 of 1st period - Shot Misses the Net.
10:53 of 1st period - Backhand shot by Jake Guentzel.
10:53 of 1st period - Shot Misses the Net.
10:55 of 1st period - Slapshot by Danny DeKeiser.
10:55 of 1st period - Shot Blocked by Travis Sanheim.
10:57 of 1st period - Wrist shot by Mark Scheifele.
10:57 of 1st period - Stopped by Carey Price without a rebound.
10:58 of 1st period - Max Reinhart wins face-off versus Nathan MacKinnon in Blues zone.
11:01 of 1st period - Snap shot by Marcus Johansson.
11:01 of 1st period - Shot Misses the Net.
11:11 of 1st period - Wrist shot by Tom Wilson.
11:11 of 1st period - Shot Misses the Net.
11:46 of 1st period - Minor Penalty to Brandon Montour for Hooking.
11:47 of 1st period - Sebastian Aho wins face-off versus Drew Shore in Blues zone.
11:49 of 1st period - Snap shot by Sebastian Aho.
11:49 of 1st period - Shot Misses the Net.
11:51 of 1st period - Slapshot by Sebastian Aho.
11:51 of 1st period - Stopped by Carey Price with a rebound.
11:53 of 1st period - Snap shot by Mark Scheifele.
11:53 of 1st period - Shot Misses the Net.
11:55 of 1st period - Slapshot by Nick Leddy.
11:55 of 1st period - Shot Blocked by Martin Marincin.
12:34 of 1st period - Icing by Tyson Barrie.
12:35 of 1st period - Sebastian Aho wins face-off versus Drew Shore in Penguins zone.
12:50 of 1st period - Snap shot by Derek Stepan.
12:50 of 1st period - Stopped by Carey Price with a rebound.
12:52 of 1st period - Slapshot by Keith Aulie.
12:52 of 1st period - Shot Misses the Net.
12:54 of 1st period - Slapshot by Keith Aulie.
12:54 of 1st period - Shot Blocked by Seth Jones.
13:46 of 1st period - Penalty to Brandon Montour is over, Brandon Montour is back on ice.
13:52 of 1st period - William Nylander is hit by Brandon Tanev and loses puck.
14:26 of 1st period - Slapshot by Brandon Montour.
14:26 of 1st period - Stopped by Braden Holtby without a rebound.
14:27 of 1st period - Devin Shore wins face-off versus Brandon Tanev in Penguins zone.
14:58 of 1st period - Wrist shot by Marko Dano.
14:58 of 1st period - Shot Misses the Net.
15:00 of 1st period - Slapshot by Martin Marincin.
15:00 of 1st period - Shot Misses the Net.
15:02 of 1st period - Snap shot by William Nylander.
15:02 of 1st period - Shot Misses the Net.
15:44 of 1st period - Slapshot by David Perron.
15:44 of 1st period - Deflect By Devin Shore.
15:44 of 1st period - Stopped by Braden Holtby with a rebound.
15:46 of 1st period - Wrist shot by David Perron.
15:46 of 1st period - Shot Blocked by Oscar Klefbom.
15:48 of 1st period - Snap shot by David Perron.
15:48 of 1st period - Stopped by Braden Holtby without a rebound.
15:49 of 1st period - Derek Stepan wins face-off versus Adam Henrique in Penguins zone.
15:54 of 1st period - Danny DeKeiser is hit by William Nylander and loses puck.
16:22 of 1st period - Sebastian Aho is hit by Seth Jones and loses puck.
17:25 of 1st period - Snap shot by Marko Dano.
17:25 of 1st period - Shot Blocked by Dmitrij Jaskin.
17:27 of 1st period - Slapshot by Marko Dano.
17:27 of 1st period - Stopped by Braden Holtby with a rebound.
17:29 of 1st period - Slapshot by Will Butcher.
17:29 of 1st period - Shot Blocked by Danny DeKeiser.
18:37 of 1st period - Marko Dano is hit by Max Reinhart.
18:51 of 1st period - Slapshot by Oscar Klefbom.
18:51 of 1st period - Shot Misses the Net.
18:55 of 1st period - Snap shot by Jake Guentzel.
18:55 of 1st period - Stopped by Carey Price without a rebound.
18:56 of 1st period - Jake Guentzel wins face-off versus Nathan MacKinnon in Blues zone.
19:11 of 1st period - Mark Scheifele is hit by Filip Forsberg and loses puck.
19:22 of 1st period - William Nylander is hit by Pavel Buchnevich and loses puck.
19:45 of 1st period - Off-side.
19:46 of 1st period - Drew Shore wins face-off versus Max Reinhart in neutral zone.
19:49 of 1st period - Slapshot by Will Butcher.
19:49 of 1st period - Stopped by Braden Holtby with a rebound.
19:51 of 1st period - Minor Penalty to Marcus Johansson for Holding Stick.
19:52 of 1st period - Nathan MacKinnon wins face-off versus Max Reinhart in Penguins zone.
19:57 of 1st period - Wrist shot by Filip Forsberg.
19:57 of 1st period - Goal by Filip Forsberg - Penguins : 2 - Blues : 1.
19:58 of 1st period - Nathan MacKinnon wins face-off versus Sebastian Aho in neutral zone.
Goals for this period are 2 for Penguins vs 1 for Blues.
Shots for this period are 8 for Penguins vs 15 for Blues.
2nd period
0:01 of 2nd period - Sebastian Aho wins face-off versus Nathan MacKinnon in neutral zone.
0:36 of 2nd period - Snap shot by Mark Scheifele.
0:36 of 2nd period - Shot Blocked by Nick Schmaltz.
0:50 of 2nd period - Brandon Montour is hit by Pavel Buchnevich and loses puck.
1:17 of 2nd period - Snap shot by Marcus Johansson.
1:17 of 2nd period - Stopped by Carey Price with a rebound.
1:59 of 2nd period - Slapshot by Marko Dano.
1:59 of 2nd period - Shot Blocked by Pavel Buchnevich.
2:13 of 2nd period - Nick Schmaltz is hit by Keith Aulie and loses puck.
2:47 of 2nd period - Samuel Morin is hit by Evan Rodrigues and loses puck.
2:55 of 2nd period - Minor Penalty to Will Butcher for Holding.
2:56 of 2nd period - Sebastian Aho wins face-off versus Samuel Morin in Blues zone.
3:01 of 2nd period - Slapshot by Sebastian Aho.
3:01 of 2nd period - Goal by Sebastian Aho - Penguins : 3 - Blues : 1.
3:02 of 2nd period - Nathan MacKinnon wins face-off versus Sebastian Aho in neutral zone.
3:34 of 2nd period - Cody Ceci is hit by Keith Aulie and loses puck.
3:51 of 2nd period - Slapshot by Seth Jones.
3:51 of 2nd period - Shot Misses the Net.
3:53 of 2nd period - Slapshot by Seth Jones.
3:53 of 2nd period - Shot Blocked by Tyson Barrie.
4:40 of 2nd period - Wrist shot by Nikolaj Ehlers.
4:40 of 2nd period - Shot Misses the Net.
5:00 of 2nd period - Wrist shot by Nick Schmaltz.
5:00 of 2nd period - Deflect By David Perron.
5:00 of 2nd period - Stopped by Braden Holtby without a rebound.
5:01 of 2nd period - Derek Stepan wins face-off versus Nick Schmaltz in Penguins zone.
5:01 of 2nd period - Derek Stepan is hit by Nick Schmaltz.
6:12 of 2nd period - Off-side.
6:13 of 2nd period - Samuel Morin wins face-off versus Evan Rodrigues in neutral zone.
6:21 of 2nd period - Slapshot by Evan Rodrigues.
6:21 of 2nd period - Shot Misses the Net.
6:23 of 2nd period - Slapshot by Nick Leddy.
6:23 of 2nd period - Stopped by Carey Price with a rebound.
6:25 of 2nd period - Slapshot by Nick Leddy.
6:25 of 2nd period - Stopped by Carey Price with a rebound.
6:39 of 2nd period - Mark Scheifele is hit by Nikolaj Ehlers and loses puck.
6:48 of 2nd period - Slapshot by Seth Jones.
6:48 of 2nd period - Stopped by Braden Holtby with a rebound.
6:50 of 2nd period - Wrist shot by Nikolaj Ehlers.
6:50 of 2nd period - Shot Misses the Net.
7:02 of 2nd period - Tyson Barrie is hit by Seth Jones and loses puck.
8:08 of 2nd period - Samuel Morin is hit by Neal Pionk and loses puck.
8:25 of 2nd period - Neal Pionk is hit by William Nylander and loses puck.
9:12 of 2nd period - Danny DeKeiser is hit by Travis Sanheim and loses puck.
10:21 of 2nd period - Wrist shot by Tom Wilson.
10:21 of 2nd period - Shot Misses the Net.
10:23 of 2nd period - Wrist shot by Max Reinhart.
10:23 of 2nd period - Stopped by Carey Price with a rebound.
10:25 of 2nd period - Wrist shot by Max Reinhart.
10:25 of 2nd period - Stopped by Carey Price without a rebound.
10:26 of 2nd period - Sebastian Aho wins face-off versus Nathan MacKinnon in Blues zone.
10:29 of 2nd period - Wrist shot by Mark Scheifele.
10:29 of 2nd period - Shot Blocked by Seth Jones.
10:41 of 2nd period - Snap shot by Jake Guentzel.
10:41 of 2nd period - Stopped by Carey Price without a rebound.
10:42 of 2nd period - Derek Stepan wins face-off versus Marko Dano in Blues zone.
10:47 of 2nd period - Snap shot by Derek Stepan.
10:47 of 2nd period - Goal by Derek Stepan - Penguins : 4 - Blues : 1.
10:47 of 2nd period - Maxime Daigneault enters game.
10:48 of 2nd period - Nathan MacKinnon wins face-off versus Sebastian Aho in neutral zone.
11:26 of 2nd period - Slapshot by Neal Pionk.
11:26 of 2nd period - Stopped by Maxime Daigneault with a rebound.
11:40 of 2nd period - Wrist shot by Devin Shore.
11:40 of 2nd period - Shot Blocked by Neal Pionk.
12:10 of 2nd period - Snap shot by Jake Guentzel.
12:10 of 2nd period - Shot Hit the Post.
13:05 of 2nd period - Snap shot by Devin Shore.
13:05 of 2nd period - Stopped by Braden Holtby with a rebound.
13:07 of 2nd period - Slapshot by Martin Marincin.
13:07 of 2nd period - Deflect By David Perron.
13:07 of 2nd period - Goal by David Perron - Penguins : 4 - Blues : 2.
13:08 of 2nd period - Nathan MacKinnon wins face-off versus Jake Guentzel in neutral zone.
13:15 of 2nd period - Backhand shot by Filip Forsberg.
13:15 of 2nd period - Shot Misses the Net.
13:21 of 2nd period - Snap shot by Jake Guentzel.
13:21 of 2nd period - Shot Misses the Net.
13:23 of 2nd period - Snap shot by Sebastian Aho.
13:23 of 2nd period - Stopped by Maxime Daigneault without a rebound.
13:24 of 2nd period - Adam Henrique wins face-off versus Derek Stepan in Blues zone.
14:19 of 2nd period - Wrist shot by Marcus Foligno.
14:19 of 2nd period - Stopped by Maxime Daigneault with a rebound.
14:21 of 2nd period - Wrist shot by Pavel Buchnevich.
14:21 of 2nd period - Shot Misses the Net.
14:23 of 2nd period - Snap shot by Pavel Buchnevich.
14:23 of 2nd period - Stopped by Maxime Daigneault with a rebound.
14:25 of 2nd period - Slapshot by Oscar Klefbom.
14:25 of 2nd period - Stopped by Maxime Daigneault with a rebound.
14:27 of 2nd period - Snap shot by Marcus Foligno.
14:27 of 2nd period - Stopped by Maxime Daigneault with a rebound.
14:29 of 2nd period - Snap shot by Oscar Klefbom.
14:29 of 2nd period - Deflect By Pavel Buchnevich.
14:29 of 2nd period - Stopped by Maxime Daigneault without a rebound.
14:30 of 2nd period - Nathan MacKinnon wins face-off versus Sebastian Aho in Blues zone.
14:30 of 2nd period - Nathan MacKinnon is hit by Mark Scheifele.
14:38 of 2nd period - Backhand shot by Brandon Montour.
14:38 of 2nd period - Stopped by Braden Holtby with a rebound.
14:40 of 2nd period - Snap shot by Nikolaj Ehlers.
14:40 of 2nd period - Shot Blocked by Danny DeKeiser.
14:42 of 2nd period - Slapshot by Brandon Montour.
14:42 of 2nd period - Deflect By Nathan MacKinnon.
14:42 of 2nd period - Shot Blocked by Mark Scheifele.
14:42 of 2nd period - Puck is out of play.
14:43 of 2nd period - Sebastian Aho wins face-off versus Filip Forsberg in Penguins zone.
14:48 of 2nd period - Slapshot by Sebastian Aho.
14:48 of 2nd period - Shot Blocked by Will Butcher.
14:56 of 2nd period - Snap shot by Will Butcher.
14:56 of 2nd period - Deflect By Nikolaj Ehlers.
14:56 of 2nd period - Shot Blocked by Jake Guentzel.
14:56 of 2nd period - Puck is out of play.
14:57 of 2nd period - Sebastian Aho wins face-off versus Nathan MacKinnon in Penguins zone.
15:04 of 2nd period - Wrist shot by Jake Guentzel.
15:04 of 2nd period - Shot Blocked by Nikolaj Ehlers.
15:24 of 2nd period - Seth Jones is hit by Tom Wilson and loses puck.
17:09 of 2nd period - Cody Ceci is hit by Derek Stepan and loses puck.
18:13 of 2nd period - Max Reinhart is hit by David Perron.
18:35 of 2nd period - Adam Henrique is hit by Derek Stepan and loses puck.
19:26 of 2nd period - Snap shot by Evan Rodrigues.
19:26 of 2nd period - Stopped by Maxime Daigneault with a rebound.
19:46 of 2nd period - Snap shot by David Perron.
19:46 of 2nd period - Shot Misses the Net.
Goals for this period are 2 for Penguins vs 1 for Blues.
Shots for this period are 16 for Penguins vs 5 for Blues.
3rd period
0:01 of 3rd period - Jake Guentzel wins face-off versus Nathan MacKinnon in neutral zone.
0:04 of 3rd period - Slapshot by Keith Aulie.
0:04 of 3rd period - Deflect By Seth Jones.
0:04 of 3rd period - Stopped by Maxime Daigneault with a rebound.
0:15 of 3rd period - Icing by Seth Jones.
0:16 of 3rd period - Derek Stepan wins face-off versus Nathan MacKinnon in Blues zone.
1:13 of 3rd period - Wrist shot by David Perron.
1:13 of 3rd period - Goal by David Perron - Penguins : 4 - Blues : 3.
1:14 of 3rd period - Sebastian Aho wins face-off versus Nathan MacKinnon in neutral zone.
1:27 of 3rd period - Wrist shot by Nathan MacKinnon.
1:27 of 3rd period - Stopped by Braden Holtby with a rebound.
1:41 of 3rd period - Pavel Buchnevich is hit by Martin Marincin and loses puck.
1:52 of 3rd period - Snap shot by Adam Henrique.
1:52 of 3rd period - Stopped by Braden Holtby without a rebound.
1:53 of 3rd period - Nathan MacKinnon wins face-off versus Sebastian Aho in Penguins zone.
1:54 of 3rd period - Wrist shot by Filip Forsberg.
1:54 of 3rd period - Shot Blocked by Sebastian Aho.
2:01 of 3rd period - Snap shot by Mark Scheifele.
2:01 of 3rd period - Shot Misses the Net.
2:03 of 3rd period - Slapshot by Neal Pionk.
2:03 of 3rd period - Shot Misses the Net.
2:05 of 3rd period - Snap shot by Mark Scheifele.
2:05 of 3rd period - Stopped by Maxime Daigneault without a rebound.
2:06 of 3rd period - Sebastian Aho wins face-off versus Nathan MacKinnon in Blues zone.
2:15 of 3rd period - Snap shot by Mark Scheifele.
2:15 of 3rd period - Shot Blocked by Cody Ceci.
2:18 of 3rd period - Icing by Filip Forsberg.
2:19 of 3rd period - Nathan MacKinnon wins face-off versus Sebastian Aho in Blues zone.
2:19 of 3rd period - Nathan MacKinnon is hit by Jake Guentzel.
2:27 of 3rd period - Nathan MacKinnon is hit by Oscar Klefbom and loses puck.
2:36 of 3rd period - Slapshot by Sebastian Aho.
2:36 of 3rd period - Shot Blocked by Nikolaj Ehlers.
2:46 of 3rd period - Snap shot by Seth Jones.
2:46 of 3rd period - Shot Misses the Net.
2:48 of 3rd period - Slapshot by Cody Ceci.
2:48 of 3rd period - Shot Blocked by Keith Aulie.
3:21 of 3rd period - Snap shot by Filip Forsberg.
3:21 of 3rd period - Shot Blocked by Pavel Buchnevich.
3:23 of 3rd period - Backhand shot by Seth Jones.
3:23 of 3rd period - Stopped by Braden Holtby without a rebound.
3:24 of 3rd period - Adam Henrique wins face-off versus Sebastian Aho in Penguins zone.
3:57 of 3rd period - Snap shot by Max Reinhart.
3:57 of 3rd period - Shot Misses the Net.
3:59 of 3rd period - Wrist shot by Tom Wilson.
3:59 of 3rd period - Shot Misses the Net.
4:01 of 3rd period - Slapshot by Tom Wilson.
4:01 of 3rd period - Shot Misses the Net.
4:05 of 3rd period - Snap shot by Max Reinhart.
4:05 of 3rd period - Stopped by Maxime Daigneault without a rebound.
4:06 of 3rd period - Adam Henrique wins face-off versus Derek Stepan in Blues zone.
4:31 of 3rd period - Brandon Montour is hit by Jake Guentzel and loses puck.
4:42 of 3rd period - Snap shot by Jake Guentzel.
4:42 of 3rd period - Stopped by Maxime Daigneault without a rebound.
4:43 of 3rd period - Pavel Buchnevich wins face-off versus Nathan MacKinnon in Blues zone.
4:46 of 3rd period - Snap shot by Marcus Foligno.
4:46 of 3rd period - Stopped by Maxime Daigneault without a rebound.
4:47 of 3rd period - Derek Stepan wins face-off versus Nathan MacKinnon in Blues zone.
5:19 of 3rd period - Keith Aulie is hit by Marko Dano and loses puck.
5:44 of 3rd period - Slapshot by Brandon Tanev.
5:44 of 3rd period - Stopped by Maxime Daigneault without a rebound.
5:45 of 3rd period - Nathan MacKinnon wins face-off versus Sebastian Aho in Blues zone.
5:52 of 3rd period - Snap shot by Filip Forsberg.
5:52 of 3rd period - Shot Misses the Net.
6:02 of 3rd period - Wrist shot by Nathan MacKinnon.
6:02 of 3rd period - Shot Misses the Net.
6:08 of 3rd period - Minor Penalty to Sebastian Aho for High sticking.
6:09 of 3rd period - Nathan MacKinnon wins face-off versus Max Reinhart in Penguins zone.
7:58 of 3rd period - Filip Forsberg is hit by Mark Scheifele and loses puck.
8:08 of 3rd period - Penalty to Sebastian Aho is over, Sebastian Aho is back on ice.
8:22 of 3rd period - Slapshot by Devin Shore.
8:22 of 3rd period - Stopped by Braden Holtby with a rebound.
9:22 of 3rd period - Wrist shot by Mark Scheifele.
9:22 of 3rd period - Deflect By Adam Henrique.
9:22 of 3rd period - Stopped by Maxime Daigneault without a rebound.
9:23 of 3rd period - Sebastian Aho wins face-off versus Adam Henrique in Blues zone.
9:26 of 3rd period - Snap shot by Jake Guentzel.
9:26 of 3rd period - Shot Misses the Net.
9:28 of 3rd period - Snap shot by Jake Guentzel.
9:28 of 3rd period - Stopped by Maxime Daigneault without a rebound.
9:29 of 3rd period - Sebastian Aho wins face-off versus Adam Henrique in Blues zone.
9:32 of 3rd period - Snap shot by Mark Scheifele.
9:32 of 3rd period - Shot Blocked by Martin Marincin.
9:34 of 3rd period - Wrist shot by Mark Scheifele.
9:34 of 3rd period - Penguins goal is going for a video replay.
9:34 of 3rd period - The goal is refused. The puck has been kicked using a distinct kicking motion..
9:35 of 3rd period - Sebastian Aho wins face-off versus Nathan MacKinnon in Blues zone.
10:03 of 3rd period - Minor Penalty to Seth Jones for Roughing.
10:04 of 3rd period - Sebastian Aho wins face-off versus Drew Shore in Blues zone.
10:36 of 3rd period - Icing by Marcus Foligno.
10:37 of 3rd period - Marcus Foligno wins face-off versus Drew Shore in Penguins zone.
10:37 of 3rd period - Marcus Foligno is hit by Drew Shore.
10:55 of 3rd period - Snap shot by Marcus Foligno.
10:55 of 3rd period - Stopped by Maxime Daigneault with a rebound.
10:57 of 3rd period - Slapshot by Oscar Klefbom.
10:57 of 3rd period - Deflect By Derek Stepan.
10:57 of 3rd period - Shot Blocked by Will Butcher.
10:57 of 3rd period - Puck is out of play.
10:58 of 3rd period - Sebastian Aho wins face-off versus Drew Shore in Blues zone.
12:03 of 3rd period - Penalty to Seth Jones is over, Seth Jones is back on ice.
12:48 of 3rd period - Slapshot by David Perron.
12:48 of 3rd period - Stopped by Braden Holtby without a rebound.
12:49 of 3rd period - Devin Shore wins face-off versus Sebastian Aho in Penguins zone.
12:54 of 3rd period - Slapshot by Seth Jones.
12:54 of 3rd period - Shot Misses the Net.
12:56 of 3rd period - Wrist shot by Devin Shore.
12:56 of 3rd period - Stopped by Braden Holtby without a rebound.
12:57 of 3rd period - Sebastian Aho wins face-off versus Nathan MacKinnon in Penguins zone.
13:56 of 3rd period - Snap shot by Nathan MacKinnon.
13:56 of 3rd period - Deflect By Nikolaj Ehlers.
13:56 of 3rd period - Shot Misses the Net.
13:56 of 3rd period - Puck is out of play.
13:57 of 3rd period - Adam Henrique wins face-off versus Derek Stepan in Penguins zone.
13:58 of 3rd period - Snap shot by Marko Dano.
13:58 of 3rd period - Shot Misses the Net.
14:00 of 3rd period - Wrist shot by Brandon Montour.
14:00 of 3rd period - Stopped by Braden Holtby with a rebound.
14:02 of 3rd period - Slapshot by Marko Dano.
14:02 of 3rd period - Stopped by Braden Holtby with a rebound.
14:04 of 3rd period - Slapshot by Will Butcher.
14:04 of 3rd period - Stopped by Braden Holtby with a rebound.
14:06 of 3rd period - Slapshot by Adam Henrique.
14:06 of 3rd period - Shot Misses the Net.
14:08 of 3rd period - Snap shot by Brandon Montour.
14:08 of 3rd period - Shot Blocked by Pavel Buchnevich.
14:10 of 3rd period - Snap shot by Brandon Montour.
14:10 of 3rd period - Stopped by Braden Holtby with a rebound.
14:24 of 3rd period - Pavel Buchnevich is hit by Will Butcher and loses puck.
14:29 of 3rd period - Slapshot by Max Friberg.
14:29 of 3rd period - Shot Misses the Net.
14:31 of 3rd period - Slapshot by Samuel Morin.
14:31 of 3rd period - Stopped by Braden Holtby without a rebound.
14:32 of 3rd period - Max Reinhart wins face-off versus Devin Shore in Penguins zone.
14:41 of 3rd period - Snap shot by Devin Shore.
14:41 of 3rd period - Shot Blocked by Max Reinhart.
14:43 of 3rd period - Slapshot by Travis Sanheim.
14:43 of 3rd period - Shot Misses the Net.
14:45 of 3rd period - Slapshot by Nick Schmaltz.
14:45 of 3rd period - Goal by Nick Schmaltz - Penguins : 4 - Blues : 4.
14:46 of 3rd period - Sebastian Aho wins face-off versus Nathan MacKinnon in neutral zone.
15:23 of 3rd period - Nick Schmaltz is hit by Tom Wilson and loses puck.
15:42 of 3rd period - Snap shot by Marcus Foligno.
15:42 of 3rd period - Shot Blocked by Marko Dano.
16:02 of 3rd period - Wrist shot by Evan Rodrigues.
16:02 of 3rd period - Stopped by Maxime Daigneault without a rebound.
16:03 of 3rd period - Evan Rodrigues wins face-off versus Nathan MacKinnon in Blues zone.
16:10 of 3rd period - Travis Sanheim is hit by Dmitrij Jaskin and loses puck.
16:27 of 3rd period - Slapshot by Danny DeKeiser.
16:27 of 3rd period - Stopped by Maxime Daigneault with a rebound.
17:19 of 3rd period - Snap shot by Samuel Morin.
17:19 of 3rd period - Shot Misses the Net.
17:25 of 3rd period - Wrist shot by Sebastian Aho.
17:25 of 3rd period - Shot Misses the Net.
17:35 of 3rd period - Snap shot by Derek Stepan.
17:35 of 3rd period - Shot Blocked by William Nylander.
17:37 of 3rd period - Snap shot by Marcus Foligno.
17:37 of 3rd period - Stopped by Maxime Daigneault with a rebound.
17:57 of 3rd period - Slapshot by Cody Ceci.
17:57 of 3rd period - Shot Blocked by Mark Scheifele.
18:44 of 3rd period - Minor Penalty to Keith Aulie for Hooking.
18:45 of 3rd period - Nathan MacKinnon wins face-off versus Max Reinhart in Penguins zone.
Goals for this period are 0 for Penguins vs 2 for Blues.
Shots for this period are 13 for Penguins vs 13 for Blues.
Overtime #1
0:01 of 1st overtime period - Max Reinhart wins face-off versus Adam Henrique in neutral zone.
0:44 of 1st overtime period - Penalty to Keith Aulie is over, Keith Aulie is back on ice.
0:49 of 1st overtime period - Snap shot by David Perron.
0:49 of 1st overtime period - Stopped by Braden Holtby without a rebound.
0:50 of 1st overtime period - Nathan MacKinnon wins face-off versus Mark Scheifele in Penguins zone.
0:51 of 1st overtime period - Snap shot by Marko Dano.
0:51 of 1st overtime period - Stopped by Braden Holtby with a rebound.
1:01 of 1st overtime period - Wrist shot by Nathan MacKinnon.
1:01 of 1st overtime period - Shot Misses the Net.
1:17 of 1st overtime period - Marko Dano is hit by Oscar Klefbom and loses puck.
2:04 of 1st overtime period - Wrist shot by Marko Dano.
2:04 of 1st overtime period - Shot Misses the Net.
2:06 of 1st overtime period - Wrist shot by Nathan MacKinnon.
2:06 of 1st overtime period - Stopped by Braden Holtby without a rebound.
2:07 of 1st overtime period - Derek Stepan wins face-off versus Adam Henrique in Penguins zone.
2:53 of 1st overtime period - Wrist shot by Adam Henrique.
2:53 of 1st overtime period - Shot Misses the Net.
3:23 of 1st overtime period - Snap shot by Marcus Johansson.
3:23 of 1st overtime period - Shot Misses the Net.
Goals for this period are 0 for Penguins vs 0 for Blues.
Shots for this period are 0 for Penguins vs 3 for Blues.
ShootOut
5:00 of 1st overtime period - Round #1.
5:00 of 1st overtime period - Penguins, Jake Guentzel.
5:00 of 1st overtime period - Wrist shot by Jake Guentzel.
5:00 of 1st overtime period - Stopped by Maxime Daigneault.
5:00 of 1st overtime period - Blues, David Perron.
5:00 of 1st overtime period - Deke by David Perron.
5:00 of 1st overtime period - Stopped by Braden Holtby.
5:00 of 1st overtime period - Round #2.
5:00 of 1st overtime period - Penguins, Pavel Buchnevich.
5:00 of 1st overtime period - Deke by Pavel Buchnevich.
5:00 of 1st overtime period - Shot Misses the Net.
5:00 of 1st overtime period - Blues, Marko Dano.
5:00 of 1st overtime period - Wrist shot by Marko Dano.
5:00 of 1st overtime period - Stopped by Braden Holtby.
5:00 of 1st overtime period - Round #3.
5:00 of 1st overtime period - Penguins, Marcus Foligno.
5:00 of 1st overtime period - Backhand shot by Marcus Foligno.
5:00 of 1st overtime period - Stopped by Maxime Daigneault.
5:00 of 1st overtime period - Blues, Filip Forsberg.
5:00 of 1st overtime period - Deke by Filip Forsberg.
5:00 of 1st overtime period - Goal by Filip Forsberg.